 Dungeon Crawl Stone Soup version 0.29.1-15-g9cfb28693d (webtiles) character file.

Game seed: 3494258037404169300

92 GeoRichter the Chopper (level 4, -4/41 HPs)
             Began as a Hill Orc Monk on Mar 24, 2023.
             Constricted to death by Natasha (6 damage)
             ... on level 2 of the Dungeon.
             The game lasted 00:03:20 (2614 turns).

GeoRichter the Chopper (Hill Orc Monk)              Turns: 2614, Time: 00:03:20

Health: -4/41      AC:  8    Str: 15    XL:     4   Next: 60%
Magic:  4/4        EV:  3    Int: 10    God:
Gold:   72         SH:  0    Dex: 13    Spells: 3/3 levels left

rFire   . . .      SeeInvis .   a - +0 hand axe
rCold   . . .      Faith    .   (no shield)
rNeg    . . .      Spirit   .   j - +0 chain mail
rPois   .          Reflect  .   (no helmet)
rElec   .          Harm     .   (no cloak)
rCorr   .          Rampage  .   (no gloves)
Will    .....                   (no boots)
Stlth   ..........              (no amulet)
HPRegen 0.13/turn               k - ring of flight
MPRegen 0.09/turn               (no ring)

@: grasped by roots, flying, constricted
A: no striking features
a: no special abilities


You were on level 2 of the Dungeon.
You visited 1 branch of the dungeon, and saw 2 of its levels.

You collected 72 gold pieces.

Inventory:

Hand Weapons
 a - a +0 hand axe (weapon)
Missiles
 g - 23 stones (quivered)
 i - 4 poisoned darts
Armour
 j - a +0 chain mail (worn)
   (You found it on level 2 of the Dungeon)
Jewellery
 k - a ring of flight (left hand)
   (You found it on level 2 of the Dungeon)
Scrolls
 b - a scroll of immolation {unknown}
 e - 2 scrolls of brand weapon {unknown}
Potions
 c - a potion of ambrosia
 d - a potion of brilliance {unknown}
 f - a potion of magic {unknown}
 h - a potion of lignification {unknown}


   Skills:
 + Level 4.6 Fighting
 * Level 6.1 Axes
 - Level 2.4 Dodging
 - Level 1.5 Stealth


You had 3 spell levels left.
You didn't know any spells.
Your spell library was empty.

Dungeon Overview and Level Annotations

Branches:
Dungeon (2/15) Zot: 9375

Altars:

Annotations:
D:2 Natasha


Message History

The magic dart hits you! Natasha casts a spell at you. The magic dart hits you.
You hit Natasha but do no damage. Natasha claws you but does no damage.
You hit Natasha.
Natasha mewls in sadness.
Natasha claws you.
You hit Natasha but do no damage.
Natasha zaps a wand.
The roots erupt in riotous growth!
The grasping roots grab you!
Natasha is unaffected.
The grasping roots constrict you.
You hear an angry hiss.
You barely miss Natasha. Natasha casts a spell at you. The magic dart hits you.
* * * LOW HITPOINT WARNING * * *
The grasping roots constrict you.
* * * LOW HITPOINT WARNING * * *
The grasping roots release their grip on you.
You barely miss Natasha. Natasha claws you.
* * * LOW HITPOINT WARNING * * *
You hit Natasha.
A bat comes into view.
Natasha casts a spell at you.
The magic dart hits you but does no damage.
You slash Natasha!
Natasha mumbles some strange words.
You barely miss Natasha. You hit the bat. You barely miss the crimson imp.
The bat hits you.
* * * LOW HITPOINT WARNING * * *
The bat closely misses you.
Natasha zaps a wand.
The roots erupt in riotous growth!
The grasping roots grab you!
Natasha is unaffected.
The bat is unaffected.
The crimson imp is unaffected.
The grasping roots constrict you.
* * * LOW HITPOINT WARNING * * *
The bat hits you but does no damage. The crimson imp hits you.
* * * LOW HITPOINT WARNING * * *
You hear an angry hiss.
You closely miss Natasha. You hit the bat.
You kill the bat!
You hit the crimson imp. Natasha casts a spell at you.
You resist with some effort. The grasping roots constrict you.
You die...

#.... #..#######
#.... #..# #....
#..# ..#...[ #..#
#......########..#
#..............#
#..#....#####.##
#......h5.###.#
##.#....@.<##.#
#.#....#.###.# #
#.#..#.# #.#
#.##.#.# #.# #.
....# #.# ## #)##.
... . #. .


You could see Natasha and a crimson imp (summoned).

Vanquished Creatures
  3 adders (D:2)
  A dart slug (D:1)
  7 endoplasms
  3 giant cockroaches
  9 hobgoblins
  6 kobolds
  A quokka (D:1)
  4 ball pythons (D:1)
  6 bats
  2 frilled lizards
  8 goblins (D:2)
  5 rats
55 creatures vanquished.

Vanquished Creatures (others)
  A fungus (D:1)
  2 plants (D:1)
  8 withered plants (D:1)
11 creatures vanquished.

Grand Total: 66 creatures vanquished

Notes
Turn   | Place    | Note
-------+----------+-------------------------------------------
     0 | D:1      | GeoRichter the Hill Orc Monk began the quest for the Orb.
     0 | D:1      | Reached XP level 1. HP: 19/19 MP: 1/1
   184 | D:1      | Reached XP level 2. HP: 22/27 MP: 2/2
   729 | D:1      | Reached skill level 5 in Axes
   730 | D:1      | Reached XP level 3. HP: 30/33 MP: 3/3
  1070 | D:1      | Found a faded altar of an unknown god.
  1970 | D:2      | Reached XP level 4. HP: 41/41 MP: 4/4
  2282 | D:2      | Reached skill level 6 in Axes
  2572 | D:2      | Noticed Natasha
  2613 | D:2      | HP: 2/41 [constriction (3)]
  2614 | D:2      | Constricted to death by Natasha

Illustrated notes

Levels and vault maps discovered:
D:1:      dpeg_cavernosity, layout_rooms, shapermc_ecumenical_altar_flowoftime,
          chequers_decorated_corner
D:2:      layout_basic, basic_altar, uniq_natasha

Skill      XL: |  1  2  3  4 |
---------------+-------------+-----
Fighting       | 4 |  4.6
Axes           | 5 6 |  6.1
Dodging        | |  2.4
Stealth        | |  1.5

Action                   |  1- 3 |  4- 6 || total
-------------------------+-------+-------++-------
Melee: Hand axe          |   162 |    68 ||   230
       Punch             |       |     1 ||     1
 Stab: Sleeping          |     4 |       ||     4
Armor: Leather armour    |    28 |       ||    28
       Chain mail        |    10 |    34 ||    44
Dodge: Dodged            |    76 |    18 ||    94
